 Dungeon Crawl Stone Soup version 0.30-a0-870-gc5d4c5acee (webtiles) character file.

Game seed: 16207703542274716122

675 domi the Conjurer (level 7, -1/46 HPs)
             Began as a Demonspawn Conjurer on Mar 11, 2023.
             Slain by Pikel
             ... wielding a +1 whip of flaming
              (9 damage)
             ... on level 5 of the Dungeon.
             The game lasted 00:06:08 (4780 turns).

domi the Conjurer (Demonspawn Conjurer)             Turns: 4780, Time: 00:06:08

Health: -1/46      AC:  6    Str:  7    XL:     7   Next: 33%
Magic:  0/10       EV: 12    Int: 22    God:
Gold:   210        SH:  0    Dex: 11    Spells: 3/10 levels left

rFire   . . .      SeeInvis .    (no weapon)
rCold   + . .      Faith    .    (no shield)
rNeg    . . .      Spirit   .    a - +0 robe
rPois   .          Reflect  .    v - +0 helmet
rElec   .          Rampage  .    i - +0 cloak
rCorr   .                        (no gloves)
Will    .....                    c - +0 pair of boots
Stlth   ++                       (no amulet)
HPRegen 0.27/turn                e - ring of protection from cold {rC+}
MPRegen 0.12/turn                (no ring)

@: no status effects
A: claws 2, sharp scales 1
a: no special abilities


You were on level 5 of the Dungeon.
You visited 1 branch of the dungeon, and saw 5 of its levels.

You collected 210 gold pieces.

Inventory:

Missiles
 s - 9 poisoned darts (quivered)
Armour
 a - a +0 robe (worn)
 c - a +0 pair of boots (worn)
   (You found it on level 1 of the Dungeon)
 i - a +0 cloak (worn)
   (You found it on level 2 of the Dungeon)
 v - a +0 helmet (worn)
   (You found it on level 4 of the Dungeon)
Magical Staves
 x - a staff of conjuration {!a}
   (You found it on level 4 of the Dungeon)
Jewellery
 e - a ring of protection from cold (left claw) {rC+}
   (You found it on level 1 of the Dungeon)
Scrolls
 d - a scroll of noise {unknown}
 f - 4 scrolls of immolation {unknown}
 g - 5 scrolls of teleportation {unknown}
 k - a scroll of enchant armour {unknown}
 l - 4 scrolls of identify {unknown}
 m - 4 scrolls of amnesia {unknown}
 p - a scroll of vulnerability {unknown}
 r - a scroll of magic mapping {unknown}
 u - 2 scrolls of fog {unknown}
 w - a scroll of enchant weapon {unknown}
Potions
 h - a potion of attraction {unknown}
 j - a potion of heal wounds {@q2}
 n - a potion of berserk rage {unknown}
 o - 2 potions of flight {unknown}
 q - 2 potions of lignification {unknown}
 t - 2 potions of curing {unknown}


   Skills:
 - Level 1.7 Dodging
 - Level 1.7 Stealth
 - Level 2.0 Spellcasting
 + Level 7.5 Conjurations
 + Level 4.3 Translocations


You had 3 spell levels left.
You knew the following spells:

 Your Spells              Type           Power      Damage    Failure   Level
c - Iskenderun's Mystic   Conj/Tloc      28%        2d7       12%         4
x - Searing Ray           Conj           70%        2d7       1%          2
z - Magic Dart            Conj           100%       1d8       1%          1

Your spell library contained the following spells:

 Spells                   Type           Power      Damage    Failure   Level
 Dazzling Flash           Conj/Hex       36%        N/A       9%          3
 Portal Projectile        Hex/Tloc       22%        N/A       17%         3
 Call Canine Familiar     Summ           2%         N/A       38%         3
 Fulminant Prism          Conj/Hex       9%         3d6       28%         4
 Leda's Liquefaction      Hex/Erth       1%         N/A       80%         4
 Agony                    Necr           2%         N/A       98%         5
 Silence                  Hex/Air        1%         N/A       98%         5


Dungeon Overview and Level Annotations

Branches:
Dungeon (5/15)
 Temple: D:4-7

Altars:
Kikubaaqudgha

Shops:
D:4 =

Annotations:
D:5 Pikel


Innate Abilities, Weirdness & Mutations

You have very sharp fingernails.
You are partially covered in razor-sharp scales. (AC +1, Slay +1)


Message History

Pikel hits you with a +1 whip of flaming.
Pikel burns you.
You completely miss Pikel.
Pikel hits you with a +1 whip of flaming.
Pikel burns you.
You barely miss Pikel.
Pikel zaps a wand.
Your will is overpowered!
You are confused.
You bump into the rock wall.
Pikel hits you with a +1 whip of flaming.
Pikel burns you.
You bump into the rock wall.
Pikel zaps a wand.
You resist with some effort.
You barely miss Pikel.
Pikel hits you with a +1 whip of flaming.
Pikel burns you.
Unknown command.
You closely miss Pikel.
Pikel hits you with a +1 whip of flaming.
Pikel burns you.
You feel less confused.
You see here 5 boomerangs.
Unknown command.
You scratch Pikel but do no damage. You claw Pikel.
Pikel says, "You'll freeze in Cocytus!"
Pikel closely misses you.
Aim: Pikel, wielding a +1 whip of flaming, wearing a +0 robe and carrying a wand of charming (9) (heavily wounded, 76% to hit)
The searing ray hits Pikel but does no damage.
The searing ray hits the lemure! x2; The searing ray hits the lemure. (Press . to maintain the ray.) Pikel hits you but does no damage.
Without enough magic to sustain it, your searing ray dissipates.
Pikel hits you but does no damage. The lemure hits you.
The lemure hits you but does no damage. The lemure closely misses you.
The lemure barely misses you.
Pikel says, "Hell isn't that bad."
Pikel hits you with a +1 whip of flaming.
* * * LOW HITPOINT WARNING * * *
Pikel burns you.
* * * LOW HITPOINT WARNING * * *
The lemure hits you but does no damage.
Unknown command.
The lemure attacks as you move away! The lemure hits you.
* * * LOW HITPOINT WARNING * * *
The lemure barely misses you. Pikel attacks as you move away!
Pikel hits you with a +1 whip of flaming!
* * * LOW HITPOINT WARNING * * *
Pikel burns you.
* * * LOW HITPOINT WARNING * * *
The lemure closely misses you.
Pikel zaps a wand.
You resist with some effort.
There is an open door here.
You don't have enough magic to cast this spell.
You feel much better. The lemure hits you but does no damage.
You completely miss the lemure. You scratch Pikel but do no damage.
You barely miss Pikel.
Pikel hits you with a +1 whip of flaming.
Pikel burns you.
* * * LOW HITPOINT WARNING * * *
You scratch Pikel. Pikel hits you but does no damage.
You scratch Pikel.
Pikel zaps a wand.
Your will is overpowered!
You are confused.
You bump into the rock wall.
Pikel closely misses you.
You're too confused to move!
Pikel closely misses you.
You bump into the rock wall.
Pikel hits you with a +1 whip of flaming.
* * * LOW HITPOINT WARNING * * *
Pikel burns you.
* * * LOW HITPOINT WARNING * * *
You scratch Pikel. Pikel barely misses you.
You bump into the rock wall.
Pikel zaps a wand.
You resist with some effort.
You bump into the rock wall.
You feel less confused.
Pikel hits you with a +1 whip of flaming.
* * * LOW HITPOINT WARNING * * *
Pikel burns you.
* * * LOW HITPOINT WARNING * * *
You scratch Pikel but do no damage. Pikel closely misses you.
Unknown command.
Aim: Pikel, wielding a +1 whip of flaming, wearing a +0 robe and carrying a wand of charming (6) (severely wounded, 76% to hit)
The searing ray misses Pikel.
The searing ray hits the lemure.
You kill the lemure!
That felt strangely unrewarding.
The searing ray hits the lemure. (Press . to maintain the ray.) Pikel zaps a wand.
You resist with some effort.
The searing ray misses Pikel.
The searing ray hits the lemure!
The searing ray hits the lemure.
Pikel hits you with a +1 whip of flaming!
You die...

##.# #..# #.## ##.# #..#
##.## # ####...##### ..
#..........## ...
#@#.........## ....
##K#..........#### .....
##55######.....#..#
......##..5.....#......###
....>....(8...<.#......##
.....###........#.......#
##. ##..######.......#
##.#............#
#.#............#


You could see Pikel and 3 lemures.

Vanquished Creatures
  A water moccasin (D:5)
  An ice beast (D:5)
  A black bear (D:4)
  An ogre (D:4)
  A lemure (D:5)
  An orc priest (D:4)
  A hound (D:5)
  3 iguanas (D:4)
  Jessica (D:2)
  6 adders
  2 worms (D:3)
  3 dart slugs
  7 orcs (D:4)
  7 ball pythons
  4 endoplasms
  4 giant cockroaches
  6 goblins
  7 hobgoblins
  3 jackals (D:3)
  3 quokkas
  2 bats
  3 frilled lizards
  4 kobolds
  2 rats
74 creatures vanquished.

Notes
Turn   | Place    | Note
-------+----------+-------------------------------------------
     0 | D:1      | domi the Demonspawn Conjurer began the quest for the Orb.
     0 | D:1      | Reached XP level 1. HP: 13/13 MP: 3/3
   264 | D:1      | Gained mutation: You are partially covered in razor-sharp
                  | scales. (AC +1, Slay +1) [demonic ancestry]
   264 | D:1      | Reached XP level 2. HP: 19/19 MP: 1/5
  1229 | D:2      | Reached skill level 5 in Conjurations
  1229 | D:2      | Reached XP level 3. HP: 21/24 MP: 0/6
  2032 | D:2      | Noticed Jessica
  2065 | D:2      | Gained mutation: You have sharp fingernails. [demonic
                  | ancestry]
  2065 | D:2      | Reached XP level 4. HP: 30/30 MP: 3/7
  2144 | D:2      | Found a faded altar of an unknown god.
  2365 | D:2      | Learned a level 2 spell: Searing Ray
  2370 | D:2      | Learned a level 4 spell: Iskenderun's Mystic Blast
  2495 | D:2      | Killed Jessica
  2713 | D:3      | Reached skill level 1 in Translocations
  2876 | D:3      | Found an ancient bone altar of Kikubaaqudgha.
  3458 | D:4      | Noticed a black bear
  3464 | D:4      | Killed a black bear
  3465 | D:4      | Reached skill level 6 in Conjurations
  3465 | D:4      | Reached skill level 2 in Translocations
  3465 | D:4      | Reached XP level 5. HP: 35/35 MP: 0/8
  3829 | D:4      | Found Pothraj's One-of-a-Kind Rings.
  3975 | D:4      | Reached XP level 6. HP: 41/41 MP: 3/9
  4055 | D:4      | HP: 9/41 [iguana (2)]
  4068 | D:4      | Reached skill level 7 in Conjurations
  4068 | D:4      | Reached skill level 3 in Translocations
  4431 | D:5      | Entered Level 5 of the Dungeon
  4431 | D:5      | Noticed an ice beast
  4447 | D:5      | Killed an ice beast
  4448 | D:5      | Gained mutation: You have very sharp fingernails. [demonic
                  | ancestry]
  4448 | D:5      | Reached XP level 7. HP: 23/46 MP: 0/10
  4543 | D:5      | Reached skill level 4 in Translocations
  4738 | D:5      | Noticed Pikel
  4761 | D:5      | HP: 11/46 [Pikel/+1 whip of flaming (2)]
  4764 | D:5      | HP: 2/46 [Pikel/+1 whip of flaming (7)]
  4777 | D:5      | HP: 8/46 [Pikel/+1 whip of flaming (5)]
  4780 | D:5      | Slain by Pikel

Illustrated notes

Levels and vault maps discovered:
D:1:      giann_horns, layout_loops_ring, chequers_big_river
D:2:      minmay_door_path, layout_loops_ring, chequers_ecumenical_altar_twisty,
          kennysheep_jessica_study
D:3:      layout_basic, kiku_gazebo_garden_becter
D:4:      layout_cave_pools, nicolae_shop_unique_rings
D:5:      layout_cave_pods, minmay_temple_entry_statues_fountains,
          grunt_ministairs_14, uniq_pikel

Skill      XL: |  1  2  3  4  5  6  7 |
---------------+----------------------+-----
Conjurations   | 5 6 7 |  7.5
Translocations | 2 3 4 |  4.3
Dodging        | |  1.7
Stealth        | |  1.7
Spellcasting   | |  2.0

Action                     |  1- 3 |  4- 6 |  7- 9 || total
---------------------------+-------+-------+-------++-------
  Melee: Unarmed           |     8 |    23 |    16 ||    47
         Punch             |       |       |     1 ||     1
   Cast: Magic Dart        |    79 |    75 |     7 ||   161
         Searing Ray       |       |    11 |     4 ||    15
    Use: Potion            |       |     3 |     1 ||     4
 Armour: Robe              |     4 |    12 |     9 ||    25
  Dodge: Dodged            |    11 |    28 |    17 ||    56

Table legend: (Time is in decaauts)
 A = Elapsed time spent in this place.
 B = Non-inter-level travel time spent in this place.
 C = Inter-level travel time spent in this place.
 D = Time resting spent in this place.
 E = Time spent auto-exploring this place.
 F = Levels seen in this place.
 G = Mean time per level.
                   A        B        C        D        E       F      G
               +--------+--------+--------+--------+--------+-----+--------+
         Total |   4783 |   4535 |    248 |    612 |   3406 |   5 |  956.6 |
       Dungeon |   4783 |   4535 |    248 |    612 |   3406 |   5 |  956.6 |
               +--------+--------+--------+--------+--------+-----+--------+

Top non-repeatable levels by time:
     D:2: 1385 daAuts
     D:1: 1217 daAuts
     D:4: 1078 daAuts
     D:3: 752 daAuts
     D:5: 348 daAuts

Table legend:
 A = Kills in this place as a percentage of kills in the entire game.
 B = Kills by you in this place as a percentage of kills by you in the entire game.
 C = Kills by friends in this place as a percentage of kills by friends in the entire game.
 D = Other kills in this place as a percentage of other kills in the entire game.
 E = Experience gained in this place as a percentage of experience gained in the entire game.
 F = Experience gained in this place divided by the number of levels of this place that you have seen.
                   A       B       C       D       E      F
               +-------+-------+-------+-------+-------+----------------------
         Total | 100.0 | 100.0 |   N/A |   N/A | 100.0 | 193.0
       Dungeon | 100.0 | 100.0 |   N/A |   N/A | 100.0 | 193.0
               +-------+-------+-------+-------+-------+----------------------
